 Dungeon Crawl Stone Soup version 0.28-a0-984-g3775c662fe (webtiles) character file.

Game seed: 1750226989430365424

332 porpoise the Magician (level 6, 0/32 HPs)
             Began as a Deep Elf Conjurer on Dec 4, 2021.
             Was an Initiate of Vehumet.
             Slain by Pikel (12 damage)
             ... in the Ecumenical Temple.
             The game lasted 00:12:35 (4280 turns).

porpoise the Magician (Deep Elf Conjurer)           Turns: 4280, Time: 00:12:36

Health: 0/32       AC:  4    Str:  4    XL:     6   Next: 26%
Magic:  9/17       EV: 13    Int: 25    God:    Vehumet [......]
Gold:   113        SH:  0    Dex: 19    Spells: 6/17 levels left

rFire   . . .      SeeInvis .   b - +0 hunting sling
rCold   . . .      Faith    .   (no shield)
rNeg    . . .      Spirit   .   j - +0 robe
rPois   .          Reflect  .   (no helmet)
rElec   .          Harm     .   p - +0 cloak
rCorr   .          Rampage  .   h - +0 pair of gloves
Will    .....                   (no boots)
Stlth   +++.......              (no amulet)
HPRegen 0.10/turn               m - +6 ring of dexterity
MPRegen 0.15/turn               (no ring)

@: no status effects
A: no striking features
a: Renounce Religion


You were in the Ecumenical Temple.
You worshipped Vehumet.
Vehumet was noncommittal.
You visited 2 branches of the dungeon, and saw 5 of its levels.

You collected 113 gold pieces.

Inventory:

Hand Weapons
 a - a +2 short sword of draining
 b - a +0 hunting sling (weapon)
Missiles
 c - 116 stones
 d - 3 datura-tipped darts
 f - 71 sling bullets (quivered ammo)
 l - 3 javelins
Armour
 h - a +0 pair of gloves (worn)
 j - a +0 robe (worn)
 p - a +0 cloak (worn)
Jewellery
 m - a +6 ring of dexterity (left hand)
Scrolls
 e - a scroll of fog {unknown}
 g - a scroll of amnesia {unknown}
 n - a scroll of teleportation {unknown}
 o - a scroll of holy word {unknown}
 q - a scroll of enchant armour {unknown}
 s - a scroll of immolation {unknown}
 u - a scroll of magic mapping {unknown}
 w - a scroll of vulnerability {unknown}
Potions
 i - a potion of magic
 k - a potion of lignification {unknown}
 r - 2 potions of curing
 t - a potion of degeneration {unknown}
 v - a potion of might {unknown}


   Skills:
 - Level 2.4 Dodging
 + Level 3.2 Stealth
 * Level 6.4 Spellcasting
 - Level 5.9 Conjurations
 * Level 2.8 Hexes


You had 6 spell levels left.
You knew the following spells:

 Your Spells              Type           Power      Damage    Failure   Level
a - Magic Dart            Conj           100%       1d8       1%          1
b - Searing Ray           Conj           74%        2d7       1%          2
c - Fulminant Prism       Conj/Hex       15%        3d11      12%         4
d - Iskenderun's Mystic   Conj/Tloc      23%        2d6       21%         4

Your spell library contained the following spells:

 Spells                   Type           Power      Damage    Failure   Level
 Shock                    Conj/Air       92%        1d8       1%          1
 Dazzling Flash           Conj/Hex       60%        N/A       3%          3
 Swiftness                Air            8%         N/A       22%         3
 Airstrike                Air            4%         N/A       56%         4


Dungeon Overview and Level Annotations

Branches:
Dungeon (4/15)             Temple (1/1) D:4

Altars:
Ashenzari
Cheibriados
Dithmenos
Elyvilon
Gozag
Hepliaklqana
Kikubaaqudgha
Makhleb
Nemelex Xobeh
Okawaru
Qazlal
Ru
Sif Muna
Trog
Uskayaw
Vehumet
Wu Jian
Xom
The Shining One

Annotations:
Temple Pikel


Message History

There is an open door here.
There is an open door here.
There is an open door here.
There is a staircase back to the Dungeon here.
You climb upwards.
Welcome back to the Dungeon!
Level annotation: Pikel The kobold shouts!
The lemure closely misses you.
Pikel hits you with a +2 whip of flaming!
Pikel burns you. The lemure misses you.
There is a staircase to the Ecumenical Temple, spattered with blood here.
Pikel hits you with a +2 whip of flaming.
Pikel burns you. The lemure barely misses you.
You climb downwards.
Welcome back to the Ecumenical Temple!
There is a staircase back to the Dungeon here.
Casting: Magic Dart (safe; 1% risk of failure)
Confirm with . or Enter, or press ? or * to list all spells.
The spell is extremely dangerous to miscast (21% risk of failure)!
Continue anyway?
You erupt in a blast of force!
The mystic blast hits the lemure!
The lemure is moderately wounded.
The lemure is knocked back by the mystic blast.
The mystic blast hits Pikel.
Pikel is lightly wounded.
Pikel is knocked back by the mystic blast.
Pikel slams into the rock wall!
Pikel is lightly wounded.
You aren't carrying any items that you can evoke.
Unknown command.
Casting: Iskenderun's Mystic Blast (extremely dangerous; 21% risk of failure)
Confirm with . or Enter, or press ? or * to list all spells.
The spell is extremely dangerous to miscast (21% risk of failure)!
Continue anyway?
You erupt in a blast of force!
The mystic blast hits the lemure!
The lemure is severely wounded.
The lemure is knocked back by the mystic blast.
The lemure slams into the rock wall!
The lemure is severely wounded.
The mystic blast hits Pikel but does no damage.
Pikel is lightly wounded.
Pikel hits you with a +2 whip of flaming!
You die...

#.....### ###.....# ...._...##
##..._.... .........# #.........
_..⌠.._..# #.._..⌠.._ .........#
####### #......... .._.....##
###..5..### ##....._.. #.....###
##.........## ###.....# #######
#......K....# ####### #
#.....@.....# # ### #...........#
### ..#### ##.........## ####..
.....#########.....#########.....
###........#####'#####........###
######........#........######
######.......###### #########


You could see Pikel and a lemure.

Vanquished Creatures
  An ogre (D:3)
  2 lemures (D:3)
  A centaur skeleton (D:2)
  A hound (D:4)
  A gnoll (D:1)
  10 adders
  4 orcs
  3 ball pythons
  4 bats
  6 endoplasms
  16 giant cockroaches
  7 goblins
  5 hobgoblins
  10 jackals
  A quokka (D:3)
  3 frilled lizards
  6 kobolds
  A rat (D:1)
82 creatures vanquished.

Vanquished Creatures (others)
  A fungus (D:2)
  A plant (D:2)
2 creatures vanquished.

Grand Total: 84 creatures vanquished

Notes
Turn   | Place    | Note
-------+----------+-------------------------------------------
     0 | D:1      | porpoise the Deep Elf Conjurer began the quest for the Orb.
     0 | D:1      | Reached XP level 1. HP: 10/10 MP: 6/6
    69 | D:1      | Reached XP level 2. HP: 15/15 MP: 1/8
   555 | D:1      | Learned a level 2 spell: Searing Ray
   884 | D:1      | Reached skill level 4 in Spellcasting
  1218 | D:2      | Reached skill level 5 in Conjurations
  1218 | D:2      | Reached XP level 3. HP: 19/19 MP: 8/10
  1604 | D:2      | Found a faded altar of an unknown god.
  1715 | D:2      | Reached XP level 4. HP: 24/24 MP: 8/12
  1762 | D:2      | Reached skill level 5 in Spellcasting
  2221 | D:2      | Reached XP level 5. HP: 28/28 MP: 10/14
  2578 | D:3      | Noticed an ogre
  2585 | D:3      | Learned a level 4 spell: Iskenderun's Mystic Blast
  2590 | D:3      | Learned a level 4 spell: Fulminant Prism
  2595 | D:3      | Killed an ogre
  2596 | D:3      | Reached skill level 6 in Spellcasting
  3126 | D:3      | Reached XP level 6. HP: 32/32 MP: 13/17
  3239 | D:3      | Found a hazy altar of Hepliaklqana.
  3399 | D:4      | Noticed Pikel
  3399 | D:4      | Found a staircase to the Ecumenical Temple.
  4007 | Temple   | Entered the Ecumenical Temple
  4196 | Temple   | Became a worshipper of Vehumet
  4280 | Temple   | Slain by Pikel

Illustrated notes

Levels and vault maps discovered:
D:1:      lightli_iron_boxes, layout_rooms, hangedman_abyss_or_decor_lesser_grid
D:2:      minmay_roachtagon, layout_basic,
          shapermc_ecumenical_altar_mp_ritualfount
D:3:      layout_rooms, nzn_hepliaklqana_mist_gate
D:4:      layout_basic, minmay_temple_entry_tees, minmay_snake_closets,
          uniq_pikel
Temple:   dpeg_five_rooms_temple

Skill      XL: |  1  2  3  4  5 |
---------------+----------------+-----
Spellcasting   | 4 5 6 |  6.4
Conjurations   | 5 |  5.9
Hexes          | 2 |  2.8
Stealth        | 3 |  3.2
Dodging        | |  2.4

Action                   |  1- 3 |  4- 6 || total
-------------------------+-------+-------++-------
Melee: Short sword       |    13 |       ||    13
 Fire: Hunting sling     |       |    29 ||    29
 Cast: Magic Dart        |    35 |    17 ||    52
       Searing Ray       |     6 |    30 ||    36
       Iskenderun's Myst |       |     2 ||     2
  Use: Scroll            |       |     2 ||     2
Armor: Robe              |     5 |     6 ||    11
Dodge: Dodged            |    20 |    20 ||    40

Table legend: (Time is in decaauts)
 A = Elapsed time spent in this place.
 B = Non-inter-level travel time spent in this place.
 C = Inter-level travel time spent in this place.
 D = Time resting spent in this place.
 E = Time spent auto-exploring this place.
 F = Levels seen in this place.
 G = Mean time per level.
                   A        B        C        D        E       F      G
               +--------+--------+--------+--------+--------+-----+--------+
         Total |   4287 |   4152 |    135 |   2126 |   1459 |   5 |  857.4 |
       Dungeon |   4015 |   3929 |     86 |   2126 |   1259 |   4 | 1003.8 |
        Temple |    271 |    222 |     49 |      0 |    200 |   1 |  271.0 |
               +--------+--------+--------+--------+--------+-----+--------+

Top non-repeatable levels by time:
     D:3: 1313 daAuts
     D:2: 1222 daAuts
     D:1: 1182 daAuts
     D:4: 297 daAuts
  Temple: 271 daAuts
